 Dungeon Crawl Stone Soup version 0.30-a0-234-g97d66968fd (webtiles) character file.

Game seed: 9671043044356482710

221 Morbidden the Conjurer (level 5, -4/40 HPs)
             Began as a Draconian Conjurer on Oct 10, 2022.
             Splashed by a jelly's acid (5 damage)
             ... on level 3 of the Dungeon.
             The game lasted 00:04:28 (3183 turns).

Morbidden the Conjurer (Draconian Conjurer)         Turns: 3183, Time: 00:04:29

Health: -4/40      AC:  1    Str: 16    XL:     5   Next: 65%
Magic:  1/9        EV: 12    Int: 20    God:
Gold:   123        SH:  0    Dex:  9    Spells: 6/10 levels left

rFire   . . .      SeeInvis .      - Unarmed
rCold   . . .      Faith    .    (no shield)
rNeg    . . .      Spirit   .    (body armour unavailable)
rPois   .          Reflect  .    (helmet restricted)
rElec   .          Harm     .    (no cloak)
rCorr   .          Rampage  .    (no gloves)
Will    .....                    (no boots)
Stlth   ++........               (no amulet)
HPRegen 0.26/turn                n - ring of wizardry
MPRegen 0.11/turn                j - +6 ring of strength

@: corroded
A: AC +5, unfitting armour, cold-blooded
a: no special abilities


You were on level 3 of the Dungeon.
You visited 1 branch of the dungeon, and saw 3 of its levels.

You collected 123 gold pieces.

Inventory:

Jewellery
 j - a +6 ring of strength (right hand)
 n - a ring of wizardry (left hand)
 o - a ring of protection from cold
 p - a ring of flight
Wands
 l - a wand of roots (8)
Scrolls
 b - a scroll of brand weapon {unknown}
 c - 4 scrolls of teleportation
 d - 5 scrolls of identify
 e - a scroll of summoning {unknown}
 f - a scroll of immolation {unknown}
 g - 2 scrolls of amnesia
 h - a scroll of magic mapping {unknown}
 i - a scroll of butterflies {unknown}
Potions
 a - a potion of magic
 k - 2 potions of curing
 m - a potion of lignification {unknown}


   Skills:
 * Level 1.4 Fighting
 * Level 2.2 Dodging
 + Level 2.0 Stealth
 * Level 1.9 Unarmed Combat
 * Level 3.1 Spellcasting
 * Level 5.0 Conjurations
 * Level 1.7 Air Magic


You had 6 spell levels left.
You knew the following spells:

 Your Spells              Type           Power      Damage    Failure   Level
a - Shock                 Conj/Air       64%        1d7       1%          1
b - Searing Ray           Conj           46%        2d6       1%          2
c - Magic Dart            Conj           92%        1d7       1%          1

Your spell library contained the following spells:

 Spells                   Type           Power      Damage    Failure   Level
 Dazzling Flash           Conj/Hex       26%        N/A       6%          3
 Swiftness                Air            9%         N/A       9%          3
 Fulminant Prism          Conj/Hex       6%         3d7       21%         4
 Iskenderun's Mystic Bla  Conj/Tloc      13%        2d5       21%         4
 Airstrike                Air            4%         2d(1-17)  26%         4


Dungeon Overview and Level Annotations

Branches:
Dungeon (3/15)

Altars:


Innate Abilities, Weirdness & Mutations

Your plain brown scales are hard. (AC +5)
You cannot fit into any form of body armour.
You are cold-blooded and may be slowed by cold attacks.


Message History

You barely miss the jelly.
The jelly is lightly wounded.
The jelly barely misses you.
Casting: Shock (safe; 1% risk of failure)
Confirm with . or Enter, or press ? or * to list all spells.
Aiming: Shock (safe; 1% risk of failure)
Press: ? - help, Shift-Dir - straight line, f - jelly
Aim: a jelly (lightly wounded, 100% to hit)
The zap hits the jelly.
The jelly is heavily wounded.
The jelly hits you. The acid corrodes you!
You are splashed with acid!
Casting: Shock (safe; 1% risk of failure)
Confirm with . or Enter, or press ? or * to list all spells.
Aiming: Shock (safe; 1% risk of failure)
Press: ? - help, Shift-Dir - straight line, f/p - jelly
Aim: a jelly (heavily wounded, 100% to hit)
The zap hits the jelly.
The jelly is severely wounded.
The zap hits the endoplasm.
The endoplasm is moderately wounded.
The jelly jiggles.
The jelly closely misses you.
The endoplasm jiggles.
Casting: Shock (safe; 1% risk of failure)
Confirm with . or Enter, or press ? or * to list all spells.
You don't have enough magic to cast this spell.
Unknown command.
Unknown command.
You barely miss the jelly.
The jelly is severely wounded.
The jelly hits you. The acid corrodes you!
You are splashed with acid!
You hit the jelly but do no damage.
Your hands burn!
* * * LOW HITPOINT WARNING * * *
The jelly is severely wounded.
The jelly hits you.
* * * LOW HITPOINT WARNING * * *
You are splashed with acid!
* * * LOW HITPOINT WARNING * * *
You hit the jelly.
Your hands burn!
You die...

# ####### # ### #.....# #
#######.##.....?##.###.#. ##
#####....#.#.#...P..##.# #)#.
.####.##.....#.#.#...÷.J##.# #.#.
......').....#'#.#J.P.PP##.# #†#.
.##...'........#.#.J....##.# #.#.
.##.#.').......#.#....÷.##.# #.#.
.'..#)##.......#@#...÷..##.# #<#.
.#...####......##JJ...PP##.#####.
.##..# ##########J.÷...##.......
.##..######### ########.#####.
.##..........###############.....
.##.#.##.#.......................
.##.#<.#.#.##.############...####
###.#..#.#.##...# #.............
#.#..#.#.####.# #.###...######


You could see a jelly and 2 endoplasms.

Vanquished Creatures
  A jelly (D:3)
  Natasha (thrice) (D:2)
  Robin (D:2)
  4 adders
  A worm (D:3)
  A dart slug (D:2)
  5 ball pythons
  4 bats
  4 endoplasms (D:3)
  3 giant cockroaches
  5 hobgoblins
  7 jackals
  A quokka (D:1)
  4 frilled lizards
  12 goblins
  7 kobolds
  2 rats
65 creatures vanquished.

Vanquished Creatures (others)
  2 fungi (D:3)
  9 toadstools (D:3)
11 creatures vanquished.

Grand Total: 76 creatures vanquished

Notes
Turn   | Place    | Note
-------+----------+-------------------------------------------
     0 | D:1      | Morbidden the Draconian Conjurer began the quest for the
                  | Orb.
     0 | D:1      | Reached XP level 1. HP: 14/14 MP: 3/3
   106 | D:1      | You fall into a shaft and drop 1 floor!
   174 | D:2      | Noticed Robin
   333 | D:1      | Reached XP level 2. HP: 20/20 MP: 0/5
   605 | D:1      | Learned a level 2 spell: Searing Ray
  1442 | D:2      | Reached XP level 3. HP: 21/27 MP: 2/6
  1714 | D:2      | Learned a level 1 spell: Shock
  1721 | D:2      | Noticed Natasha
  1738 | D:2      | Killed Natasha
  1739 | D:2      | Reached skill level 1 in Fighting
  1739 | D:2      | Reached skill level 1 in Unarmed Combat
  1739 | D:2      | Reached XP level 4. HP: 31/35 MP: 0/7
  1852 | D:2      | Reached skill level 1 in Air Magic
  1857 | D:2      | Killed Robin
  2023 | D:2      | Noticed Natasha
  2029 | D:2      | Killed Natasha
  2186 | D:2      | Noticed Natasha
  2191 | D:2      | Killed Natasha
  2192 | D:2      | Reached XP level 5. HP: 40/40 MP: 3/9
  2896 | D:3      | Reached skill level 5 in Conjurations
  3182 | D:3      | HP: 1/40 [acid (10)]
  3183 | D:3      | Splashed by a jelly's acid

Illustrated notes

Levels and vault maps discovered:
D:1:      lightli_arrival_chessboard, layout_basic
D:2:      layout_basic, chequers_serial_rivers_room_a, minivault_25,
          uniq_natasha, uniq_robin
D:3:      cheibrodos_fertilizer, layout_basic

Skill      XL: |  1  2  3  4  5 |
---------------+----------------+-----
Fighting       | 1 |  1.4
Dodging        | 2 |  2.2
Unarmed Combat | 1 |  1.9
Air Magic      | 1 |  1.7
Stealth        | 2 |  2.0
Conjurations   | 5 |  5.0
Spellcasting   | 3 |  3.1

Action                   |  1- 3 |  4- 6 || total
-------------------------+-------+-------++-------
Melee: Unarmed           |    91 |    34 ||   125
       Tailslap          |    11 |     3 ||    14
       Punch             |       |     1 ||     1
 Cast: Magic Dart        |    57 |       ||    57
       Shock             |     6 |    73 ||    79
  Use: Scroll            |     2 |       ||     2
       Potion            |       |     3 ||     3
Armor: Skin              |    26 |    26 ||    52
Dodge: Dodged            |    67 |    51 ||   118

Table legend: (Time is in decaauts)
 A = Elapsed time spent in this place.
 B = Non-inter-level travel time spent in this place.
 C = Inter-level travel time spent in this place.
 D = Time resting spent in this place.
 E = Time spent auto-exploring this place.
 F = Levels seen in this place.
 G = Mean time per level.
                   A        B        C        D        E       F      G
               +--------+--------+--------+--------+--------+-----+--------+
         Total |   3180 |   3055 |    125 |    379 |   2183 |   3 | 1060.0 |
       Dungeon |   3180 |   3055 |    125 |    379 |   2183 |   3 | 1060.0 |
               +--------+--------+--------+--------+--------+-----+--------+

Top non-repeatable levels by time:
     D:2: 1189 daAuts
     D:1: 1162 daAuts
     D:3: 828 daAuts
